 Dungeon Crawl Stone Soup version 0.29.0-4-gdea44cf6ec (webtiles) character file.

Game seed: 1536730990159672129

30 qw the Chopper (level 3, -1/21 HPs)
             Began as a Tengu Warper on Aug 28, 2022.
             Slain by a phantom (6 damage)
             ... on level 2 of the Dungeon.
             The game lasted 00:00:05 (1470 turns).

qw the Chopper (Tengu Warper)                       Turns: 1470, Time: 00:00:06

Health: -1/21      AC:  3    Str: 13    XL:     3   Next: 18%
Magic:  7/7        EV: 12    Int: 13    God:
Gold:   58         SH:  0    Dex: 13    Spells: 6/6 levels left

rFire   . . .      SeeInvis .   Y - +0 hand axe
rCold   . . .      Faith    .   (no shield)
rNeg    . . .      Spirit   .   b - +0 leather armour
rPois   .          Reflect  .   (helmet restricted)
rElec   .          Harm     .   (no cloak)
rCorr   .          Rampage  .   (no gloves)
Will    .....                   (boots unavailable)
Stlth   +.........              (no amulet)
HPRegen 0.07/turn               (no ring)
MPRegen 0.10/turn               (no ring)

@: no status effects
A: beak, talons 3
a: no special abilities


You were on level 2 of the Dungeon.
You visited 1 branch of the dungeon, and saw 2 of its levels.

You collected 58 gold pieces.


Innate Abilities, Weirdness & Mutations

You have a beak for a mouth.
You have claws for feet.


   Skills:
 - Level 2.0 Fighting
 + Level 3.9 Axes
 - Level 1.0 Throwing
 - Level 1.1 Armour
 - Level 2.1 Dodging
 - Level 2.0 Spellcasting
 - Level 2.4 Translocations


You had 6 spell levels left.
You didn't know any spells.
Your spell library contained the following spells:

 Spells                   Type           Power      Damage    Failure   Level
 Blink                    Tloc           14%        N/A       19%         2
 Gell's Gravitas          Tloc           7%         N/A       36%         3
 Lesser Beckoning         Tloc           7%         N/A       36%         3
 Teleport Other           Tloc           7%         N/A       36%         3
 Manifold Assault         Tloc           7%         N/A       98%         5

Inventory:

Hand Weapons
 k - a +0 mace
 Y - a +0 hand axe (weapon)
Armour
 b - a +0 leather armour (worn)
 c - a +0 chain mail
Scrolls
 a - a scroll of identify
Potions
 i - a potion of resistance
 j - a potion of haste {unknown}

Dungeon Overview and Level Annotations

Branches:
Dungeon (2/15)

Altars:


Message History

You kill the endoplasm!
You start resting.
HP restored.
A phantom and a rat come into view.
You see here a bat corpse.
You closely miss the phantom. You peck the phantom.
The phantom is lightly damaged.
You hit the rat. The rat barely misses you. The phantom misses you.
The phantom hits you. The rat closely misses you.
You barely miss the rat. You peck the rat.
The rat is severely wounded.
You hit the phantom. The rat bites you but does no damage.
The phantom misses you.
You hit the rat.
You kill the rat!
You hit the phantom but do no damage. The phantom barely misses you.
You hit the phantom but do no damage. You claw the phantom.
The phantom is moderately damaged.
The phantom hits you but does no damage.
You barely miss the phantom. You claw the phantom. You peck the phantom.
The phantom is heavily damaged.
The phantom closely misses you.
You hit the phantom but do no damage. Your kick misses the phantom.
The phantom is heavily damaged.
The phantom barely misses you.
You barely miss the phantom.
The phantom is heavily damaged.
The phantom hits you but does no damage.
You hit the phantom. You claw the phantom.
The phantom is heavily damaged.
The phantom hits you!
You hit the phantom.
The phantom is severely damaged.
The phantom hits you.
The phantom blinks!
You blink.
Found 4 stones.
You barely miss the phantom. You peck the phantom, but do no damage.
The phantom is severely damaged.
The phantom hits you.
You die...

#. ###### #(. #.....
#..# ###### #... #..#
#..# ##..# .## #@W#
#.. #. ##..# ##.. #..
.. #..# ... #..### .#
#..##.. #..##..
.##..###.... #..# #.#
..... ..##¤.##..####.#
#.##.##.# #¤...##....#
#.......####..###.##.#
#.........#..####.##..


You could see a phantom.

Vanquished Creatures
  An adder (D:2)
  3 ball pythons (D:1)
  An endoplasm (D:2)
  3 goblins (D:1)
  2 hobgoblins (D:1)
  2 kobolds
  A quokka (D:1)
  2 bats
  2 frilled lizards
  A rat (D:2)
18 creatures vanquished.

Notes
Turn   | Place    | Note
-------+----------+-------------------------------------------
     0 | D:1      | qw the Tengu Warper began the quest for the Orb.
     0 | D:1      | Reached XP level 1. HP: 12/12 MP: 4/4
     0 | D:1      | 0 ||| qw: Version: 0.1-a-89-g26bdef1
     0 | D:1      | 0 ||| qw: Game counter: 1646
     0 | D:1      | 0 ||| qw: Always use a shield: true
     0 | D:1      | 0 ||| qw: God list: Okawaru
     0 | D:1      | 0 ||| qw: Allow faded altars: false
     0 | D:1      | 0 ||| qw: Do Orc after D:15 true
     0 | D:1      | 0 ||| qw: Do second Lair branch before Depths: true
     0 | D:1      | 0 ||| qw: Lair rune preference: random
     0 | D:1      | 0 ||| qw: Plans: Normal
     0 | D:1      | 0 ||| PLANNING D:1-11
   147 | D:1      | 147 ||| READING 2 scrolls labelled YXOUTUMOAXE.
   455 | D:1      | Reached XP level 2. HP: 17/17 MP: 6/6
   458 | D:1      | Reached skill level 3 in Axes
   909 | D:1      | 909 ||| DROPPING +0 club.
  1018 | D:1      | 1018 ||| READING scroll labelled ZOEGAEHOJO.
  1019 | D:1      | 1019 ||| READING scroll labelled CIXKUO UTOIWOT.
  1020 | D:1      | 1020 ||| READING scroll labelled MAELONELAI.
  1021 | D:1      | 1021 ||| READING scroll labelled KUHYM KOLEPA.
  1022 | D:1      | 1022 ||| READING 2 scrolls of identify.
  1022 | D:1      | 1022 ||| IDENTIFYING fuming inky potion
  1023 | D:1      | 1023 ||| DROPPING scroll of blinking.
  1106 | D:2      | 1106 ||| Stepping ~*~*~tactically~*~*~ (stealth).
  1107 | D:2      | 1107 ||| Stepping ~*~*~tactically~*~*~ (stealth).
  1111 | D:2      | 1111 ||| FLEEEEING.
  1112 | D:2      | 1112 ||| FLEEEEING.
  1113 | D:2      | 1113 ||| FLEEEEING.
  1114 | D:2      | 1114 ||| FLEEEEING.
  1115 | D:2      | 1115 ||| FLEEEEING.
  1116 | D:2      | 1116 ||| FLEEEEING.
  1117 | D:2      | 1117 ||| FLEEEEING.
  1118 | D:2      | 1118 ||| STAIRDANCE
  1209 | D:2      | Reached XP level 3. HP: 12/21 MP: 7/7
  1456 | D:2      | Noticed a phantom
  1469 | D:2      | HP: 5/21 [phantom (5)]
  1470 | D:2      | Slain by a phantom

Levels and vault maps discovered:
D:1:      shiori_arrival_elements, layout_basic, hangedman_glass_teeth
D:2:      minmay_alternating_diamond, layout_basic

Skill      XL: |  1  2 |
---------------+-------+-----
Axes           | 3 |  3.9
Fighting       | |  2.0
Throwing       | |  1.0
Armour         | |  1.1
Dodging        | |  2.1
Spellcasting   | |  2.0
Translocations | |  2.4

Action                   || total
-------------------------++-------
Melee: Hand axe          ||    48
       Kick              ||    12
       Peck              ||     7
Throw: Boomerang         ||     7
  Use: Scroll            ||     6
Armor: Leather armour    ||    12
Dodge: Dodged            ||    25

Table legend:
 A = Non-vault XP
 B = Vault XP
 C = Vault XP percentage of total XP
 D = Non-vault monster count
 E = Vault monster count
 F = Vault count percentage of total count
                 A         B        C        D         E       F
            +---------+---------+-------+---------+---------+-------
      Total |      38 |       5 |  11.6 |      15 |       3 |  16.7
            +---------+---------+-------+---------+---------+-------
        D:1 |      21 |       0 |   0.0 |      12 |       0 |   0.0
        D:2 |      17 |       5 |  22.7 |       3 |       3 |  50.0
            +---------+---------+-------+---------+---------+-------
